 Dungeon Crawl Stone Soup version 0.20-a0-949-g916514f (webtiles) character file.

2132 MirrMurr the Basher (level 9, -1/57 HPs)
             Began as a Gargoyle Fighter on Apr 4, 2017.
             Was a Believer of Okawaru.
             Slain by a large abomination (13 damage)
             ... on level 2 of the Abyss.
             The game lasted 00:23:13 (6646 turns).

MirrMurr the Basher (Gargoyle Fighter)              Turns: 6646, Time: 00:23:13

Health: -1/57      AC: 23    Str: 22    XL:     9   Next: 30%
Magic:  9/9        EV:  4    Int: 10    God:    Okawaru [**....]
Gold:   344        SH: 13    Dex:  9    Spells: 8/8 levels left

rFire    + . .     SeeInvis .   a - +2 flail
rCold    + . .     Gourm    .   c - +0 shield
rNeg     + . .     Faith    .   b - +0 plate armour
rPois    ∞         Spirit   .   (no helmet)
rElec    +         Reflect  +   j - scarf {rC+ rF+}
rCorr    .         Harm     .   E - +2 pair of gloves
MR       .....                  (no boots)
Stlth    ..........             i - +3 amulet of reflection
Regen    0.2/turn               (no ring)
MPRegen  0.2/turn               (no ring)

@: no status effects
A: icy blue scales 1, negative energy resistance 1, electricity resistance,
unbreathing, petrification resistance, rot immunity, AC +5
a: Heroism, Renounce Religion


You were on level 2 of the Abyss.
You worshipped Okawaru.
Okawaru was pleased with you.
You were not hungry.

You visited 2 branches of the dungeon, and saw 9 of its levels.
You visited the Abyss 1 time.

You collected 344 gold pieces.

Inventory:

Hand Weapons
 a - a +2 flail (weapon)
Missiles
 m - 2 throwing nets
 y - 3 tomahawks (quivered)
Armour
 b - a +0 plate armour (worn)
 c - a +0 shield (worn)
 j - a scarf of resistance (worn)
 E - a +2 pair of gloves (worn)
Jewellery
 e - an uncursed amulet of the gourmand {unknown}
 i - a +3 amulet of reflection (around neck)
 k - a cursed -2 ring of protection {unknown}
Wands
 l - a wand of random effects (39/48)
 A - a wand of iceblast (7/15)
Scrolls
 h - a scroll of fog
 n - 2 scrolls of teleportation
 r - 6 scrolls of remove curse
 u - a scroll of fear
Potions
 d - 2 potions of might
 g - a potion of degeneration {unknown}
 q - a potion of magic
 s - 2 potions of heal wounds
 t - a potion of agility
 v - 2 potions of cancellation
 w - 2 potions of curing
 x - a potion of flight {unknown}
 B - 2 potions of invisibility {unknown}
 C - 3 potions of brilliance
Comestibles
 f - 3 bread rations
 o - 6 royal jellies
 p - 4 meat rations
 z - 3 fruits


   Skills:
 + Level 7.2 Fighting
 * Level 8.5 Maces & Flails
 + Level 6.0 Armour
 + Level 5.9 Shields


You had 8 spell levels left.
You didn't know any spells.

Dungeon Overview and Level Annotations

Branches:
Dungeon (8/15)             Temple (1/1) D:7
   Lair: D:8-11

Altars:
Ashenzari
Dithmenos
Elyvilon
Okawaru
Xom
Yredelemnul
Zin

Annotations:
D:1 1 runed door, exclusion: door
D:8 Psyche


Innate Abilities, Weirdness & Mutations

You are resistant to torment.
Your stone body is resilient. (AC +5)
You are immune to poison.
You resist negative energy. (rN+)
You are resistant to electric shocks. (rElec)
You can survive without breathing.
You are immune to petrification.
You are immune to rotting.
You are partially covered in icy blue scales. (AC +2)


Message History

The raiju bursts into living lightning!
The living lightning hits you! You resist.
The raiju blinks!
The starspawn tentacle grabs you. The starspawn tentacle constricts you.
A large abomination comes into view.
The starspawn tentacle's grasp on you weakens, but your attempt to escape fails.
The raiju bites you.
* * * LOW HITPOINT WARNING * * *
The raiju shocks you. You resist.
* * * LOW HITPOINT WARNING * * *
The neqoxec hits you but does no damage.
The starspawn tentacle constricts you.
You escape the starspawn tentacle's grasp.
The neqoxec gestures.
You block the starspawn tentacle's attack.
The neqoxec gestures at you.
Strange energies course through your body.
Icy blue scales grow over part of your body.
The neqoxec gestures.
The large abomination hits you!
You die...

..§.. ..... .....
...... .....##
......##
#.......###
#.........##
.......@..## #
.......Xh..##
###........5.5..##
. .............#
.......#.....3#xX##
#....(.....5.5...#
#. ..............##
# ..
..............#
..............#


You could see a tentacled starspawn, a large abomination, a raiju, a neqoxec, a
small abomination, 2 iron imps and 2 quasits.

Vanquished Creatures
  Maurice (D:8)
  Grinder (D:5)
  A hornet zombie (D:6)
  2 sky beasts
  A phantom (D:8)
  3 centaurs
  A bullfrog (D:7)
  A scorpion (D:6)
  2 killer bees (D:8)
  2 crimson imps
  2 hounds (D:7)
  A jelly (D:8)
  A centaur skeleton (D:5)
  4 orc wizards
  A gnoll shaman (D:3)
  An iguana (D:4)
  Terence (D:2)
  3 worker ants
  Robin (D:2)
  A worker ant zombie (D:5)
  6 gnolls
  15 adders
  A shadow imp (D:5)
  An ooze (D:2)
  2 adder skeletons
  5 worms
  A dart slug (D:1)
  6 leopard geckos
  11 orcs
  3 bats
  3 giant cockroaches
  13 goblins
  11 hobgoblins
  7 jackals
  3 quokkas
  A ball python (D:1)
  9 frilled lizards
  12 kobolds
  11 rats
152 creatures vanquished.

Vanquished Creatures (others)
  2 starspawn tentacles (Abyss:2)
2 creatures vanquished.

Grand Total: 154 creatures vanquished

Notes
Turn   | Place    | Note
-------+----------+-------------------------------------------
     0 | D:1      | MirrMurr the Gargoyle Fighter began the quest for the Orb.
     0 | D:1      | Reached XP level 1. HP: 14/14 MP: 1/1
     1 | D:1      | Found a runed door.
    11 | D:1      | Noticed a jelly
   252 | D:1      | Reached XP level 2. HP: 19/19 MP: 2/2
   534 | D:1      | Reached skill level 3 in Maces & Flails
   534 | D:1      | Reached XP level 3. HP: 12/24 MP: 3/3
   927 | D:2      | Noticed Terence
  1158 | D:2      | Reached XP level 4. HP: 26/29 MP: 4/4
  1320 | D:2      | Noticed Robin
  1330 | D:2      | Killed Robin
  1330 | D:2      | Reached skill level 4 in Maces & Flails
  1494 | D:2      | Found a shattered altar of Ashenzari.
  1568 | D:2      | Killed Terence
  1568 | D:2      | Reached XP level 5. HP: 29/34 MP: 5/5
  2037 | D:3      | Reached skill level 5 in Maces & Flails
  2083 | D:3      | Reached XP level 6. HP: 39/39 MP: 6/6
  2357 | D:3      | Found a shimmering altar of Xom.
  2683 | D:4      | Found an iron altar of Okawaru.
  2691 | D:4      | Became a worshipper of Warmaster Okawaru
  2819 | D:4      | Reached skill level 5 in Fighting
  3287 | D:5      | Entered Level 5 of the Dungeon
  3309 | D:5      | Reached skill level 6 in Maces & Flails
  3309 | D:5      | Reached XP level 7. HP: 36/44 MP: 7/7
  3351 | D:5      | Noticed Grinder
  3357 | D:5      | Paralysed by Grinder for 6 turns
  3378 | D:5      | Killed Grinder
  3378 | D:5      | Reached * piety under Okawaru
  3988 | D:5      | Reached XP level 8. HP: 19/51 MP: 8/8
  4039 | D:5      | Found a shadowy altar of Dithmenos.
  4471 | D:6      | Reached skill level 7 in Maces & Flails
  4575 | D:6      | Found a white marble altar of Elyvilon.
  4731 | D:6      | Reached skill level 5 in Armour
  4877 | D:7      | Reached ** piety under Okawaru
  4933 | D:7      | Reached skill level 5 in Shields
  4943 | D:7      | Found a basalt altar of Yredelemnul.
  4966 | D:7      | @> scarf of resistance, sweet
  5632 | D:7      | Found a staircase to the Ecumenical Temple.
  5714 | Temple   | Entered the Ecumenical Temple
  6089 | D:8      | Noticed Maurice
  6249 | D:8      | Killed Maurice
  6249 | D:8      | Reached skill level 8 in Maces & Flails
  6249 | D:8      | Reached XP level 9. HP: 49/57 MP: 6/9
  6352 | D:8      | Found a glowing silver altar of Zin.
  6545 | D:8      | Noticed Psyche
  6562 | D:8      | Cast into level 2 of the Abyss (Psyche)
  6564 | Abyss:2  | Noticed a worldbinder
  6564 | Abyss:2  | Noticed a deep elf sorcerer
  6567 | Abyss:2  | Noticed a thrashing horror
  6570 | Abyss:2  | Noticed a black mamba
  6572 | Abyss:2  | Noticed a starcursed mass
  6572 | Abyss:2  | Noticed a starcursed mass
  6633 | Abyss:2  | Noticed a tentacled starspawn
  6643 | Abyss:2  | Noticed a large abomination
  6645 | Abyss:2  | Gained mutation: You are partially covered in icy blue scales. (AC +2) [a neqoxec]
  6646 | Abyss:2  | Slain by a large abomination

Vault maps used:
D:1:      dpeg_arrival_caged_fury, minmay_surrounded
D:2:      marbit_many_paths, minmay_heptomino_l4, uniq_terence, uniq_robin
D:3:      nicolae_overflow_crystal_walls
D:4:      okawaru_gym_becter, first_bread
D:5:      grunt_dithmenos_shadows, uniq_grinder
D:6:      nicolae_overflow_hidden_temple, kennysheep_generic_room_8
D:7:      lemuel_doored_altar, minmay_temple_entry_statues_pillars
D:8:      nicolae_ru_the_path_less_chosen, kennysheep_mini, uniq_maurice,
          uniq_psyche
Temple:   cyrus_temple_forest
Abyss:2:  hangedman_abyss_or_decor_slice, bh_abyss_exit_choice

Skill      XL: |  1  2  3  4  5  6  7  8  9 |
---------------+----------------------------+-----
Maces & Flails | 3 4 5 6 8 |  8.5
Fighting       | 4 5 7 |  7.2
Armour         | 4 5 6 |  6.0
Shields        | 4 5 |  5.9

Action                   |  1- 3 |  4- 6 |  7- 9 || total
-------------------------+-------+-------+-------++-------
Melee: Flail             |   137 |   357 |   364 ||   858
Invok: Heroism           |       |       |     4 ||     4
  Use: Scroll            |     1 |     5 |    14 ||    20
       Potion            |       |     2 |     2 ||     4
  Eat: Chunk             |     1 |     7 |    11 ||    19
       Fruit             |       |       |     1 ||     1
Armor: Scale mail        |    54 |   198 |    81 ||   333
       Plate armour      |       |       |   128 ||   128
       Chain mail        |       |       |     7 ||     7
Dodge: Dodged            |    43 |   112 |    72 ||   227
Block: Shield            |    82 |   179 |   215 ||   476
       Reflection        |       |       |     2 ||     2
